 Dungeon Crawl Stone Soup version 0.23.2-33-g5129a83184 (webtiles) character file.

Game seed: 11830224370658263488

173 FishyPogo the Skirmisher (level 5, -1/72 HPs)
             Began as a Hill Orc Abyssal Knight on Aug 5, 2019.
             Was a Believer of Lugonu.
             Slain by an iguana (11 damage)
             ... on level 4 of the Dungeon.
             The game lasted 00:16:13 (2713 turns).

FishyPogo the Skirmisher (Hill Orc Abyssal Knight)  Turns: 2713, Time: 00:16:14

Health: -1/72      AC:  4    Str: 21    XL:     5   Next: 53%
Magic:  0/7        EV: 11    Int: 12    God:    Lugonu [**....]
Gold:   161        SH:  0    Dex: 10    Spells: 4/4 levels left

rFire    + . .     SeeInvis .   a - +2 hand axe
rCold    . . .     Gourm    .   (no shield)
rNeg     . . .     Faith    .   m - +1 leather armour
rPois    .         Spirit   +   (no helmet)
rElec    .         Reflect  .   (no cloak)
rCorr    .         Harm     .   (no gloves)
MR       .....                  (no boots)
Stlth    ..........             e - amulet of guardian spirit
HPRegen  0.22/turn              q - ring of protection from fire
MPRegen  0.10/turn              (no ring)

@: berserking, very quick
A: no striking features
a: Depart the Abyss, Bend Space, Renounce Religion


You were on level 4 of the Dungeon.
You worshipped Lugonu.
Lugonu was pleased with you.
You were not hungry.

You visited 1 branch of the dungeon, and saw 4 of its levels.
You visited the Abyss 1 time.

You collected 161 gold pieces.

Inventory:

Hand Weapons
 a - a +2 hand axe (weapon)
 b - a +1 dagger of protection
Missiles
 k - 70 stones (quivered)
 t - 2 exploding tomahawks
Armour
 m - a +1 leather armour (worn)
Jewellery
 e - an amulet of guardian spirit (around neck)
 f - an uncursed ring of positive energy {unknown}
 o - an uncursed ring of fire
 q - a ring of protection from fire (left hand)
Scrolls
 d - a scroll of blinking {unknown}
 g - 4 scrolls of remove curse {unknown}
 h - 4 scrolls of identify {unknown}
 s - a scroll of magic mapping {unknown}
Potions
 i - a potion of heal wounds {unknown}
 j - a potion of brilliance {unknown}
 l - a potion of flight
 n - 2 potions of agility {unknown}
 u - a potion of might {unknown}
 w - a potion of invisibility {unknown}
Comestibles
 c - 10 rations
 v - a chunk of flesh


   Skills:
 + Level 5.1 Fighting
 + Level 4.1 Axes
 + Level 1.2 Throwing
 * Level 3.0 Armour
 - Level 1.0 Dodging
 + Level 3.7 Invocations


You had 4 spell levels left.
You didn't know any spells.
Your spell library contained the following spells:

 Spells                   Type           Power        Failure   Level  Hunger
 Magic Dart               Conj           #...         36%         1    ##.....
 Searing Ray              Conj           #.....       50%         2    ###....
 Dazzling Spray           Conj/Hex       #.....       75%         3    ####...
 Force Lance              Conj/Tloc      #.......     98%         4    #####..
 Fulminant Prism          Conj/Hex       #.........   98%         4    #####..
 Iskenderun's Mystic Bla  Conj           #.......     98%         4    #####..


Dungeon Overview and Level Annotations

Branches:
Dungeon (4/15)
 Temple: D:4-7

Altars:
Nemelex Xobeh
Uskayaw
Zin


Message History

You hit the iguana but do no damage. The iguana bites you.
* * * LOW HITPOINT WARNING * * *
Space bends around you!
You blink.
Found a dark potion.
Space bends around you!
You blink.
w - a dark potion Space bends around you!
You blink.
Found a runed hand axe and 25 gold pieces.
Unknown command.
Unknown command.
Okay, then.
Space bends around you!
You blink.
Found a robe.
As you read the scroll labeled KEIL ETAHE, it crumbles to dust.
It is a scroll of enchant weapon.
Your +1 hand axe glows red for a moment.
It was a potion of berserk rage.
A red film seems to cover your vision as you go berserk!
You feel yourself moving faster!
You feel mighty! The iguana bites you!
You die...

#.# ##.# #..........
#.####.. .#..........
#.##...###............
#.##.#.#$#.#..........
#......#.#.....###.###
#..#.........#.###.#
###.....##.##.....##.#
#...###.#...#.###....#
#.#.#).@.......$#.#..#
#...###l#...#)###รท...#
##......##.##).......#
#[#.#.........#...###
#.#.....#.#......##
#.##..#.#.#.#....#
#.......###....###
####.#.........#
#...#.#...###


You could see an iguana.

Vanquished Creatures
  A hound (D:2)
  A worker ant (D:4)
  An adder (D:2)
  4 worms
  4 dart slugs
  2 leopard geckos
  9 orcs
  2 giant cockroaches (D:1)
  6 goblins
  6 hobgoblins
  8 jackals (D:2)
  5 quokkas
  A ball python (D:2)
  3 bats
  3 frilled lizards
  A jackal skeleton (D:3)
  9 kobolds
  13 rats
79 creatures vanquished.

Notes
Turn   | Place    | Note
-------+----------+-------------------------------------------
     0 | Abyss:1  | FishyPogo the Hill Orc Abyssal Knight began the quest for
                  | the Orb.
     0 | Abyss:1  | Reached XP level 1. HP: 19/19 MP: 2/2
    25 | Abyss:1  | Noticed a starcursed mass
   112 | Abyss:1  | Noticed a thrashing horror
   124 | Abyss:1  | Noticed a bone dragon
   125 | D:1      | Escaped the Abyss
   391 | D:1      | Reached skill level 1 in Dodging
   391 | D:1      | Reached XP level 2. HP: 22/27 MP: 3/3
   632 | D:1      | Reached * piety under Lugonu
   721 | D:1      | Reached skill level 4 in Fighting
   892 | D:2      | Reached XP level 3. HP: 28/33 MP: 5/5
  1280 | D:2      | Reached XP level 4. HP: 30/41 MP: 4/6
  1368 | D:2      | Found a glowing silver altar of Zin.
  1377 | D:2      | Found a hide-covered altar of Uskayaw.
  1431 | D:2      | Reached ** piety under Lugonu
  2012 | D:3      | Reached skill level 1 in Throwing
  2012 | D:3      | Reached XP level 5. HP: 32/47 MP: 5/7
  2254 | D:3      | Found a sparkling altar of Nemelex Xobeh.
  2514 | D:4      | Reached skill level 5 in Fighting
  2713 | D:4      | Slain by an iguana

Skill      XL: |  1  2  3  4  5 |
---------------+----------------+-----
Dodging        | 1 |  1.0
Fighting       | 4 5 |  5.1
Axes           | 3 4 |  4.1
Invocations    | 3 |  3.7
Armour         | 3 |  3.0
Throwing       | 1 |  1.2

Action                   |  1- 3 |  4- 6 || total
-------------------------+-------+-------++-------
Melee: Hand axe          |   121 |   172 ||   293
Throw: Stone             |    21 |     5 ||    26
Invok: Depart the Abyss  |     1 |       ||     1
       Bend Space        |       |     4 ||     4
  Use: Scroll            |     1 |     1 ||     2
       Potion            |       |     3 ||     3
  Eat: Chunk             |     1 |     5 ||     6
Armor: Leather armour    |    37 |    41 ||    78
Dodge: Dodged            |    75 |   113 ||   188
